 Dungeon Crawl Stone Soup version 0.31-a0-1-g4198be8af4 (webtiles) character file.

Game seed: 16085259489500996902

2034 Adrian566 the Poker (level 9, -6/77 HPs)
             Began as an Armataur Fighter on May 1, 2023.
             Was an Initiate of Gozag.
             Killed by an exploding centaur (23 damage)
             ... ignited by their inner flame
             ... on level 7 of the Dungeon.
             The game lasted 00:06:49 (6241 turns).

Adrian566 the Poker (Armataur Fighter)              Turns: 6241, Time: 00:06:50

Health: -6/77      AC:  9    Str: 30    XL:     9   Next: 3%
Magic:  9/9        EV: 13    Int:  9    God:    Gozag
Gold:   150        SH:  4    Dex:  8    Spells: 8/8 levels left

rFire   . . .        q - +5 spear "Killer Klown's Regret" {protect, rCorr Str+5 Dex-2}
rCold   . . .        c - +0 buckler
rNeg    . . .        b - +0 scale mail
rPois   .            (no helmet)
rElec   .            (no cloak)
rCorr   +            n - +1 pair of gloves
SInv    .            (no barding)
Will    .....        (no amulet) Stlth
                     i - +5 ring of evasion
HPRegen 0.32/turn    (no ring)
MPRegen 0.11/turn

%: roll
@: no status effects
A: large, rugged brown scales 3, deformed body, armoured tail, roll, long
tongue, awkward tongue
a: Renounce Religion, Potion Petition, Call Merchant, Bribe Branch


You were on level 7 of the Dungeon.
You worshipped Gozag.
Gozag was aware of your devotion.
You visited 2 branches of the dungeon, and saw 8 of its levels.
You also visited: Sewer.

You collected 223 gold pieces.
You paid 73 gold pieces to Gozag.

Inventory:

Hand Weapons
 o - a +2 war axe of electrocution
 q - the +5 spear "Killer Klown's Regret" (weapon) {protect, rCorr Str+5 Dex-2}
   (You found it on level 3 of the Dungeon)

   Str:       It affects your strength (+5).
   Dex:       It affects your dexterity (-2).
   rCorr:     It protects you from acid and corrosion.
Missiles
 D - a throwing net
Armour
 b - a +0 scale mail (worn)
 c - a +0 buckler (worn)
 n - a +1 pair of gloves (worn)
Jewellery
 i - a +5 ring of evasion (left hand)
Wands
 a - a wand of light (13)
 r - a wand of digging (5)
 u - a wand of flame (11)
 A - a wand of iceblast (9) (quivered)
 F - a wand of paralysis (3)
Scrolls
 k - a scroll of fog
 l - a scroll of fear
 C - a scroll of magic mapping
Potions
 d - 10 potions of might
 e - 5 potions of attraction
 f - 2 potions of invisibility {unknown}
 g - 3 potions of lignification {unknown}
 h - a potion of brilliance
 j - a potion of resistance
 m - 2 potions of curing {unknown}
 p - a potion of flight
 s - a potion of degeneration {unknown}
 x - a potion of heal wounds
 z - a potion of berserk rage {unknown}
 E - a potion of mutation {unknown}


   Skills:
 + Level 4.4 Fighting
 + Level 4.0(5.8) Axes
 * Level 6.6(7.1) Polearms
 + Level 6.1 Armour
 + Level 1.8 Dodging
 + Level 1.0 Stealth
 + Level 5.1 Shields


You had 8 spell levels left.
You didn't know any spells.
Your spell library contained the following spells:

 Spells                   Type           Power      Damage    Failure   Level
 Cigotuvi's Dreadful Rot  Necr/Pois/Air  0%         N/A       80%         2
 Lesser Beckoning         Tloc           0%         N/A       80%         2
 Gell's Gravitas          Tloc           0%         N/A       95%         3
 Ignite Poison            Fire/Tmut/Pois 0%         N/A       95%         3
 Teleport Other           Tloc           0%         N/A       95%         3
 Freezing Cloud           Conj/Ice/Air   0%         6-21      100%        5
 Conjure Ball Lightning   Conj/Air       0%         3x3d6     100%        6
 Discord                  Hex            0%         N/A       100%        8
 Disjunction              Tloc           0%         N/A       100%        8


Dungeon Overview and Level Annotations

Branches:
Dungeon (7/15)             Temple (1/1) D:6           Sewer (visited)

Altars:
Cheibriados
Elyvilon
Gozag
Hepliaklqana
Kikubaaqudgha
Makhleb
Nemelex Xobeh
Okawaru
Qazlal
Ru
Trog
Uskayaw
Vehumet
Wu Jian
Xom
Yredelemnul
Zin

Shops:
D:6 (

Annotations:
D:3 3 runed translucent doors, Jase's ghost, amateur AtWr


Innate Abilities, Weirdness & Mutations

You are completely covered in rugged brown scales. (AC +3, +7% HP)
Armour fits poorly on your strangely shaped body.
You have a long armoured tail.
You roll when moving toward enemies. (Rampage)
Your long tongue fully drains potion bottles. (2x potion effects)
Your tongue gives you trouble enunciating. (1.5x scroll delay)


Message History

You swap places.
You start waiting.
Your killer bee dissolves into shadows!
Your orc wizard dissolves into shadows!
Your killer bee dissolves into shadows!
Your orc dissolves into shadows! x2
Your killer bee dissolves into shadows!
Your orc priest dissolves into shadows!
Your hearing returns.
As you slowly read the scroll labelled GOEWNE GACECADGHYN, it crumbles to dust.
The creatures around you are filled with an inner flame!
It was a scroll of immolation.
As you slowly read the scroll labelled GUDUUR WOMO, it crumbles to dust.
You hear a loud clanging noise!
It was a scroll of noise.
You hear a shout! x7; You hear a loud, deep croak!
You hear a shout!
As you slowly read the scroll labelled SUMMUPHYGUA, it crumbles to dust.
Your body is wracked with pain!
Your centaur convulses!
Flame seeps out of your centaur.
Your orc warrior convulses!
Flame seeps out of your orc warrior.
Your killer bee convulses!
Flame seeps out of your killer bee.
Your bullfrog convulses!
Flame seeps out of your bullfrog.
It was a scroll of torment.
Your killer bee is engulfed in blazing flames.
Flame seeps out of your killer bee.
Your bullfrog is engulfed in blazing flames.
Your bullfrog's corpse dissolves into shadows!
Your bullfrog explodes!
The fiery explosion engulfs you!!
* * * LOW HITPOINT WARNING * * *
The fiery explosion engulfs your killer bee!!!
Your killer bee's corpse dissolves into shadows!
The fiery explosion engulfs your centaur!!
Your centaur's corpse dissolves into shadows!
Your centaur explodes!
The fiery explosion engulfs you!!
You die...
Your body crumbles into a pile of gold.

# ## ##. #. ... #
######.###.#..#
+.....o@โ—‹ยง.>..#
######.โ—‹โ—‹#....#
##### ###


You could see a friendly orc warrior (summoned, inner flame).

Vanquished Creatures
  Pikel (D:4)
  Sigmund (D:3)
  Eustachio (D:4)
  Pargi (Sewer)
  An ogre (D:4)
  A lemure (D:4)
  2 bullfrogs (D:6)
  2 gnoll sergeants (D:5)
  4 scorpions
  A hound (D:6)
  A sleepcap (D:5)
  A jelly (D:3)
  3 orc priests
  An iguana (D:5)
  Ijyb (D:3)
  Natasha (thrice) (D:2)
  An orc wizard (D:5)
  9 gnolls (D:5)
  5 adders
  2 river rats (D:4)
  A white imp (D:6)
  3 ufetubi
  5 worms
  3 dart slugs
  15 orcs
  7 endoplasms
  A giant cockroach (D:4)
  2 goblins
  8 hobgoblins
  3 quokkas
  7 ball pythons
  4 bats
  4 frilled lizards
  3 kobolds
  12 rats
120 creatures vanquished.

Vanquished Creatures (others)
  2 fungi (D:3)
  11 plants (D:3)
13 creatures vanquished.

Grand Total: 133 creatures vanquished

Notes
Turn   | Place    | Note
-------+----------+-------------------------------------------
     0 | D:1      | Adrian566 the Armataur Fighter began the quest for the Orb.
     0 | D:1      | Reached XP level 1. HP: 19/19 MP: 1/1
   283 | D:1      | Reached XP level 2. HP: 26/26 MP: 2/2
   810 | D:2      | Noticed Natasha
   818 | D:2      | Killed Natasha
   819 | D:2      | Reached XP level 3. HP: 26/33 MP: 3/3
  1062 | D:2      | Noticed Natasha
  1070 | D:2      | Killed Natasha
  1071 | D:2      | Reached XP level 4. HP: 33/40 MP: 4/4
  1466 | D:2      | Noticed Natasha
  1469 | D:2      | Killed Natasha
  1857 | D:3      | Reached XP level 5. HP: 45/48 MP: 5/5
  1872 | D:3      | Found a runed translucent gate.
  1874 | D:3      | Found a runed translucent gate.
  1874 | D:3      | Noticed Jase's ghost (amateur AtWr)
  1876 | D:3      | Found a runed translucent gate.
  1950 | D:3      | Identified the +5 spear "Killer Klown's Regret" {protect,
                  | rCorr Str+5 Dex-2}
  2005 | D:3      | Noticed Ijyb
  2007 | D:3      | Noticed Sigmund
  2015 | D:3      | Killed Ijyb
  2041 | D:3      | Killed Sigmund
  2042 | D:3      | Reached skill level 1 in Polearms
  2042 | D:3      | Reached XP level 6. HP: 47/54 MP: 6/6
  2250 | D:3      | Found a shadowy altar of Dithmenos.
  2252 | D:3      | Found a sacrificial altar of Ru.
  2252 | D:3      | Found a shimmering altar of Xom.
  2254 | D:3      | Found an opulent altar of Gozag.
  2254 | D:3      | Found a basalt altar of Yredelemnul.
  2254 | D:3      | Found a hazy altar of Hepliaklqana.
  2430 | D:4      | Found a glowing drain.
  2448 | Sewer    | Entered a sewer
  2550 | Sewer    | Noticed Pargi
  2562 | Sewer    | Killed Pargi
  2652 | D:4      | Reached skill level 1 in Dodging
  2652 | D:4      | Reached XP level 7. HP: 60/60 MP: 7/7
  2652 | D:4      | Found an iron altar of Okawaru.
  2828 | D:4      | Noticed Pikel
  2850 | D:4      | Killed Pikel
  2851 | D:4      | Reached skill level 5 in Armour
  2851 | D:4      | Reached XP level 8. HP: 26/70 MP: 8/8
  3245 | D:4      | Noticed Eustachio
  3259 | D:4      | Killed Eustachio
  3260 | D:4      | Reached skill level 5 in Polearms
  3388 | D:5      | Entered Level 5 of the Dungeon
  3614 | D:5      | Found an ornate altar of the Wu Jian Council.
  3879 | D:5      | Found a sacrificial altar of Ru.
  4297 | D:5      | Reached skill level 5 in Shields
  4618 | D:5      | Noticed a moth of wrath
  4621 | D:5      | Found a bloodstained altar of Trog.
  4957 | D:6      | Found Waaniqann's Antique Weapon Boutique.
  5088 | D:6      | Found a white marble altar of Elyvilon.
  5138 | D:6      | Found a staircase to the Ecumenical Temple.
  5181 | Temple   | Entered the Ecumenical Temple
  5553 | D:6      | Reached XP level 9. HP: 77/77 MP: 9/9
  5560 | D:6      | Reached skill level 1 in Stealth
  5636 | D:6      | Found an opulent altar of Gozag.
  6010 | D:6      | Became a worshipper of Gozag Ym Sagoz the Greedy
  6241 | D:7      | Killed by an exploding centaur... ignited by their inner
                  | flame

Illustrated notes

Levels and vault maps discovered:
D:1:      lemuel_arrival_rhombus, layout_loops_ring
D:2:      layout_basic, minmay_misc_feat_diagonals, chequers_jeans,
          minivault_26, columned_hall_lemuel, uniq_natasha
D:3:      layout_rooms, doesnt_xom_only_xom, lemuel_doored_altar,
          gammafunk_ghost_nasty_kobolds, minmay_misc_feat_room,
          serial_bayou_pond_c, kennysheep_minor_cross,
          kennysheep_generic_room_6, uniq_sigmund, uniq_ijyb
D:4:      layout_loops_cross, old_standard_altar, portal_sewer_entry_e,
          uniq_eustachio, uniq_pikel
D:5:      layout_basic, tgw_trog, general_overflow_altar,
          nicolae_ru_sacrificial_ziggurat, serial_glass, glass_columns_b,
          glass_columns_c
D:6:      layout_loops_ring, mainiacjoe_overflow_six_doors_small,
          grunt_gozag_statues, minmay_temple_entry_slanted, serial_shops, shop,
          lightli_orcish_oven
D:7:      layout_basic, fedhas_altar_2, enter_bailey_6, serial_shops, shop,
          amcnicky_mini_corridor_feature
Temple:   compressed_dpeg_triangle_lava_temple

Skill      XL: |  1  2  3  4  5  6  7  8  9 |
---------------+----------------------------+-----
Fighting       | 3 4 |  4.4
Axes           | 2 3 4 |  4.0
Armour         | 4 5 6 |  6.1
Polearms       | 1 3 4 6 |  6.6
Shields        | 4 5 |  5.1
Dodging        | 1 |  1.8
Stealth        | 1 |  1.0

Action                     |  1- 3 |  4- 6 |  7- 9 || total
---------------------------+-------+-------+-------++-------
  Melee: War axe           |    88 |    33 |       ||   121
         Tailslap          |     6 |     6 |    17 ||    29
         Spear             |       |    75 |   223 ||   298
  Evoke: Wand              |       |       |     1 ||     1
    Use: Scroll            |       |     7 |     7 ||    14
         Potion            |       |       |     1 ||     1
 Armour: Scale mail        |    38 |    49 |    64 ||   151
  Dodge: Dodged            |    50 |    53 |    92 ||   195
  Block: Buckler           |    11 |    24 |    48 ||    83

Table legend: (Time is in decaauts)
 A = Elapsed time spent in this place.
 B = Non-inter-level travel time spent in this place.
 C = Inter-level travel time spent in this place.
 D = Time resting spent in this place.
 E = Time spent auto-exploring this place.
 F = Levels seen in this place.
 G = Mean time per level.
                   A        B        C        D        E       F      G
               +--------+--------+--------+--------+--------+-----+--------+
         Total |   6264 |   5858 |    406 |     28 |   4831 |   9 |  696.0 |
       Dungeon |   5836 |   5449 |    387 |     28 |   4466 |   7 |  833.7 |
        Temple |    271 |    252 |     19 |      0 |    244 |   1 |  271.0 |
         Sewer |    156 |    156 |      0 |      0 |    121 |   1 |  156.0 |
               +--------+--------+--------+--------+--------+-----+--------+

Top non-repeatable levels by time:
     D:5: 1542 daAuts
     D:2: 1167 daAuts
     D:6: 967 daAuts
     D:4: 906 daAuts
     D:1: 730 daAuts
     D:3: 482 daAuts
  Temple: 271 daAuts
   Sewer: 156 daAuts
     D:7: 38 daAuts
